 Dungeon Crawl Stone Soup version 0.14.2 (webtiles) character file.

122 Amnesiac the Charlatan (level 4, -1/23 HPs)
             Began as a Spriggan Artificer on Feb 9, 2018.
             Killed from afar by an orc wizard (7 damage)
             ... with a puff of flame
             ... on Level 6 of the Dungeon.
             The game lasted 00:03:44 (1087 turns).

Amnesiac the Charlatan (Spriggan Artificer)         Turns: 1087, Time: 00:03:44

HP  -1/23        AC  1     Str  8      XL: 4   Next: 19%
MP  11/11        EV 19     Int 13      God:
Gold 41          SH  0     Dex 16      Spells:  0 memorised,  3 levels left

rFire  . . .     SeeInvis +     g - +1,+3 spear
rCold  . . .     Clarity  .     m - -1 robe (curse)
rNeg   . . .     Conserve .     (shield restricted)
rPois  .         rCorr    .     (helmet restricted)
rElec  .         rRot     .     (no cloak)
SustAb . .       Spirit   .     (gloves unavailable)
rMut   +         Warding  .     (boots unavailable)
Saprov . . .     Stasis   .     n - amulet of resist mutation
MR     .....                    (no ring)
                                (no ring)

@: very quick, not resistant to hostile enchantments, fairly stealthy
A: unfitting armour, see invisible, herbivore 3, speed 3, slow metabolism 2
a: no special abilities


You were on level 6 of the Dungeon.
You were not hungry.

You visited 1 branch of the dungeon, and saw 6 of its levels.

You collected 41 gold pieces.

Inventory:

Hand weapons
 a - a +2,+1 sling
 g - a +1,+3 spear (weapon)
Missiles
 h - 9 darts of frost (quivered)
 i - 42 stones
Armour
 e - a +0 robe
 m - a cursed -1 robe (worn)
 q - a cursed +0 robe
Magical devices
 b - a wand of flame (5)
 c - a wand of enslavement (14)
 d - a wand of random effects (10)
Comestibles
 l - a banana
 p - an apricot
Scrolls
 j - a scroll of enchant armour {!r}
 o - a scroll of remove curse {!r, unknown}
Jewellery
 n - an amulet of resist mutation (around neck)
Potions
 f - a potion of porridge {!q}
 k - a potion of curing {!q}


   Skills:
 + Level 1.9 Fighting
   Level 1.1 Short Blades
 + Level 4.0 Dodging
 - Level 1.5 Stealth
 * Level 5.7 Evocations


You had 3 spell levels left.
You didn't know any spells.

Dungeon Overview and Level Annotations

Branches:
Dungeon (6/15)
 Temple: D:4-7

Altars:


Innate Abilities, Weirdness & Mutations

You are tiny and cannot use many weapons and most armour.
You have supernaturally acute eyesight.
You are a herbivore.
You cover ground extremely quickly.
You need consume almost no food.


Message History

You hit the adder.
You kill the adder!
Your Dodging skill increases to level 4!
You see here an adder corpse.
A giant cockroach zombie comes into view.
Found a leather armour.
There is a stone staircase leading up here.
You climb upwards.
You hear the sound of rushing water.
There is an entrance to a sewer on this level.
Hurry and find it before the portal rusts away!
There is a stone staircase leading down here.
You climb downwards.
There is a stone staircase leading up here.
You open the door.
There is an open door here.
Found a mace.
Attack whom?
Press: ? - help, Dir - move target cursor, f - giant cockroach zombie
Aim: a giant cockroach zombie (resting)
You reach to attack!
The helpless giant cockroach zombie fails to defend itself.
You hit the giant cockroach zombie.
You barely miss the giant cockroach zombie.
The giant cockroach zombie bites you but does no damage.
You puncture the giant cockroach zombie!
You destroy the giant cockroach zombie!
No target in view!
Found 15 sling bullets. 3 orcs and an orc warrior come into view.
Found a stone staircase leading down.
A giant frog comes into view.
You closely miss the giant frog. The giant frog hits you!
* * * LOW HITPOINT WARNING * * *
The giant frog hits you.
* * * LOW HITPOINT WARNING * * *
You are too injured to fight recklessly!
You are too injured to fight recklessly!
Evoke which item? (* to show all) (? for menu, Esc to quit)
Zapping:
c - a wand of enslavement (15)
Press: ? - help, Shift-Dir - straight line, f - giant frog
Aim: a giant frog The giant frog is charmed.
This wand has 14 charges left.
The orc shouts! x2
A hobgoblin comes into view.
The hobgoblin shouts!
You swap places.
What do you say? t - Shout!
Orders for allies: a - Attack new target. p - Attack previous target. r - Retreat! s - Stop attacking. w - Wait here. f - Follow me.
Anything else - Stay silent.
Gang up on whom?
Press: ? - help, Dir - move target cursor, f - orc warrior, p - giant frog
Aim: an orc warrior, wielding a war axe and wearing a chain mail Attack!
You hear a shout!
The orc warrior barely misses your giant frog.
An orc wizard comes into view. It is wielding a dagger.
The orc wizard moves out of view.
The orc warrior hits your giant frog with a war axe!
The orc wizard points at you and mumbles some strange words.
The puff of flame hits you!
You die... #.# ##.######.# . go.oo...go#

### .. ##..#####o##### #..
.. ##F...####.# .#
#.....'..#.# .#
#[....#<.#.# .#
#.#.#........#.######.#####
>.........@................
..#.#.#...............#
#.)......#...).%.#####
...o......#.............#
.........#.......#####.#
....####.#.......# #...
#.#.......# .. #.#.......#
#.#.......#


You could see an orc warrior, an orc wizard, an orc and a friendly giant frog.

Vanquished Creatures
  A worker ant (D:5)
  Jessica (D:2)
  2 adders
  An adder skeleton (D:4)
  A giant gecko (D:2)
  An orc (D:5)
  A ball python (D:3)
  4 bats
  A bat skeleton (D:4)
  2 goblins
  3 hobgoblins
  A giant cockroach zombie (D:6)
  A giant newt (D:1)
  2 kobolds (D:1)
  2 rats
24 creatures vanquished.

Notes
Turn   | Place    | Note
--------------------------------------------------------------
     0 | D:1      | Amnesiac, the Spriggan Artificer, began the quest for the Orb.
     0 | D:1      | Reached XP level 1. HP: 9/9 MP: 2/2
    82 | D:1      | Reached skill level 1 in Fighting
   321 | D:1      | Reached XP level 2. HP: 12/14 MP: 5/5
   370 | D:2      | Noticed Jessica
   492 | D:2      | Killed Jessica
   495 | D:2      | Reached XP level 3. HP: 11/18 MP: 8/8
   677 | D:3      | Reached skill level 5 in Evocations
   868 | D:5      | Entered Level 5 of the Dungeon
   873 | D:5      | Reached XP level 4. HP: 7/23 MP: 11/11
  1005 | D:5      | Noticed an ice beast
  1039 | D:6      | Noticed an orc warrior
  1052 | D:6      | Noticed a giant frog
  1087 | D:6      | Killed from afar by an orc wizard

Action                   |  1- 3 |  4- 6 || total
-------------------------+-------+-------++-------
Melee: Spear             |    61 |     6 ||    67
Throw: Dart              |     3 |       ||     3
Evoke: Wand              |    11 |     5 ||    16
  Use: Scroll            |     3 |     1 ||     4
 Stab: Sleeping          |     3 |     2 ||     5
